AoeStats
← Afu

Arena

507641357Analyzed
1v1 RM · 13d ago on Sep 19, 2026· 45m 3s· 2 players
Game mode
Random Map
Map size
Tiny (2 player)
Population
200
Speed
Normal
Resources
Standard
Victory
Conquest
Starting age
Dark Age
Ending age
Imperial Age
RankedLock teamsTeams togetherTeam positionsShared explorationLock speedFull tech treeHidden civsTurbo modeCheats
Victory
Defeat
🇭🇰 Persians · Hong Kong SAR China
1035
+16
🇹🇼 Wei · Taiwan
1037
-40
貓的貢丸
11:15 Feudal Age
15:39 Castle Age
13:55 Double-Bit Axe
13:56 Horse Collar
16:21 Bow Saw
16:13 Heavy Plow
18:47 Wheelbarrow
23:08 Husbandry
24:04 Bloodlines
25:31 Hand Cart
25:43 Forging
25:22 Loom
28:29 Husbandry
28:38 Scale Barding Armor
29:09 Iron Casting
31:12 Imperial Age
28:29 Town Watch
30:53 Chain Barding Armor
30:59 Gold Mining
31:35 Kamandaran
31:55 Conscription
32:26 Gold Shaft Mining
31:56 Padded Archer Armor
31:47 Fletching
32:30 Crop Rotation
33:04 Two-Man Saw
33:17 Citadels
33:00 Stone Mining
32:42 Cavalier
34:16 Plate Barding Armor
35:17 Blast Furnace
34:32 Leather Archer Armor
34:30 Savar
35:07 Bodkin Arrow
34:34 Crossbowman
35:20 Thumb Ring
35:42 Ballistics
37:20 Chemistry
36:15 Murder Holes
38:46 Ring Archer Armor
Afu
7:10 Loom
9:36 Feudal Age
10:13 Double-Bit Axe
10:09 Horse Collar
14:49 Wheelbarrow
17:42 Castle Age
15:44 Loom
16:44 Gold Mining
20:31 Bow Saw
21:41 Heavy Plow
22:39 Gold Shaft Mining
23:30 Hand Cart
25:36 Stone Mining
29:29 Imperial Age
26:26 Pikeman
27:31 Forging
27:27 Scale Barding Armor
28:22 Stone Shaft Mining
28:20 Bloodlines
28:15 Husbandry
30:51 Crop Rotation
30:59 Iron Casting
31:49 Chain Barding Armor
32:45 Town Watch
32:27 Heavy Hei Guang Cavalry
34:17 Blast Furnace
33:19 Scale Mail Armor
33:33 Halberdier
34:15 Squires
36:07 Chain Mail Armor
35:42 Arson
37:30 Ballistics
38:11 Chemistry
43:48 Fletching
Connection lost

Rejoining the realm…

Still unreachable

The connection could not be restored.

Session expired

The server has moved on; the page needs a fresh start.